 Seeded DCSS version 0.32-a0-473-gd044c6f0f0 (webtiles) character file.

Game seed: 3342665431591073458 (custom seed)

5688 CougarLife the Destroyer (level 10, -2/60 HPs)
             Began as a Gargoyle Earth Elementalist on Feb 25, 2024.
             Was a High Priest of Vehumet.
             Slain by Maurice
             ... wielding a +3 dagger of venom
              (4 damage)
             ... on level 8 of the Dungeon on Feb 26, 2024.
             The game lasted 00:12:36 (8689 turns).

CougarLife the Destroyer (GrEE)                     Turns: 8689, Time: 00:12:37

Health: -2/60      AC: 13    Str: 11    XL:     10   Next: 75%
Magic:  17/20      EV: 11    Int: 21    God:    Vehumet [*****.]
Gold:   464        SH:  0    Dex: 10    Spells: 9/23 levels left

rFire   . . .        D - staff of conjuration
rCold   . . .        (no shield)
rNeg    + . .        a - +0 robe
rPois   ∞            o - +0 helmet
rElec   +            K - +0 cloak
rCorr   +            H - +0 pair of gloves
SInv    .            C - +0 pair of boots
Will    .....        t - amulet of magic regeneration
Stlth   ++           i - ring of resist corrosion
HPRegen 0.30/turn    (no ring)
MPRegen 0.57/turn

%: no passive effects
@: no status effects
A: sickness immunity, AC +7, negative energy resistance 1, electricity
resistance, torment resistance 1, petrification resistance
a: Renounce Religion


You were on level 8 of the Dungeon.
You worshipped Vehumet.
Vehumet was extremely pleased with you.
You visited 2 branches of the dungeon, and saw 9 of its levels.
You also visited: Sewer, Ossuary and Bailey.

You collected 464 gold pieces.

Inventory:

Armour
 a - a +0 robe (worn)
 o - a +0 helmet (worn)
 p - +0 swamp dragon scales
 C - a +0 pair of boots (worn)
 H - a +0 pair of gloves (worn)
 K - a +0 cloak (worn)
Magical Staves
 D - a staff of conjuration (weapon)
Jewellery
 i - a ring of resist corrosion (left hand)
 t - an amulet of magic regeneration (around neck)
Scrolls
 c - 6 scrolls of teleportation {unknown}
 d - 2 scrolls of acquirement
 f - a scroll of brand weapon {unknown}
 h - 2 scrolls of amnesia {unknown}
 k - 13 scrolls of identify {unknown}
 l - a scroll of enchant weapon {unknown}
 n - a scroll of enchant armour {unknown}
 u - 2 scrolls of immolation {unknown}
 v - 2 scrolls of fear {unknown}
 x - a scroll of revelation {unknown}
 y - a scroll of noise {unknown}
 z - 2 scrolls of blinking {unknown}
 A - 5 scrolls of fog {unknown}
 E - 2 scrolls of vulnerability {unknown}
 F - a scroll of torment {unknown}
 G - a scroll of silence {unknown}
 I - 2 scrolls of poison {unknown}
Potions
 b - 2 potions of magic
 e - 5 potions of heal wounds {unknown}
 g - 7 potions of might {unknown}
 j - 3 potions of lignification {unknown}
 r - 3 potions of invisibility {unknown}
 s - 4 potions of enlightenment {unknown}
 w - 4 potions of curing {unknown}
 B - 2 potions of haste {unknown}
 J - a potion of cancellation {unknown}


   Skills:
 + Level 5.6 Fighting
 - Level 1.5 Dodging
 - Level 2.1 Stealth
 + Level 7.2 Spellcasting
 * Level 10.0 Conjurations
 - Level 4.0 Air Magic
 + Level 9.7 Earth Magic


You had 9 spell levels left.
You knew the following spells:

 Your Spells              Type           Power      Damage    Failure   Level
a - Sandblast             Erth           96%        2d20      1%          1
b - Stone Arrow           Conj/Erth      100%       3d13      1%          3
c - Freezing Cloud        Conj/Ice/Air   20%        6-21      10%         5
d - Arcjolt               Conj/Air       27%        1d37      3%          5

Your spell library contained the following spells:

 Spells                   Type           Power      Damage    Failure   Level
 Shock                    Conj/Air       100%       1d9       1%          1
 Sting                    Conj/Alch      100%       1d9       1%          1
 Passwall                 Erth           48%        N/A       1%          3
 Brom's Barrelling Bould  Conj/Erth      65%        2d8       1%          4
 Swiftness                Air            24%        N/A       4%          3
 Airstrike                Air            12%        2d(2-18)  4%          4
 Apportation              Tloc           14%        N/A       9%          1
 Necrotise                Necr           28%        1d5       9%          1
 Summon Small Mammal      Summ           28%        N/A       9%          1
 Petrify                  Alch/Erth      27%        N/A       12%         4
 Ensorcelled Hibernation  Hex/Ice        14%        N/A       13%         2
 Ignite Poison            Fire/Alch      7%         N/A       22%         4
 Fire Storm               Conj/Fire      21%        8d5       100%        9
 Cigotuvi's Dreadful Rot  Necr/Alch/Air  Unusable   N/A       N/A         2

Dungeon Overview and Level Annotations

Branches:
Dungeon (8/15)             Temple (1/1) D:7           Sewer (visited)
Ossuary (visited)          Bailey (visited)
   Lair: D:8-11

Altars:
Ashenzari
Cheibriados
Dithmenos
Elyvilon
Fedhas
Gozag
Hepliaklqana
Kikubaaqudgha
Makhleb
Nemelex Xobeh
Okawaru
Qazlal
Ru
Sif Muna
Trog
Uskayaw
Vehumet
Wu Jian

Shops:
D:5 [

Annotations:
D:2 1 runed translucent door, Crazy Yiuf
D:3 3 runed translucent doors, Fractals's ghost, amateur DsGl
D:8 Maurice


Innate Abilities, Weirdness & Mutations

You are immune to sickness and miasma.
Your stone body is resilient. (AC +7)
You are immune to poison.
You resist negative energy. (rN+)
You are resistant to electric shocks. (rElec)
You are resistant to unholy torment.
You are immune to petrification.


Message History

You see here a sky beast corpse.
A gnoll bouda is nearby!
The gnoll bouda shouts!
The blast of sand hits the gnoll bouda!!
You kill the gnoll bouda!
Vehumet accepts your kill.
You feel your power returning.
You can't see any susceptible monsters within range! (Use Z to cast anyway.) Maurice the Thief comes into view.
He is wielding a +3 dagger of venom, wearing a +0 cloak of preservation and carrying a wand of polymorph.
Maurice shouts!
Found a stone staircase leading down.
The blast of sand misses Maurice.
The blast of sand hits Maurice!
Maurice is moderately wounded.
Maurice gestures wildly while chanting.
Maurice flickers and vanishes!
Deactivating autopickup; reactivate with Ctrl-A.
You can't see any susceptible monsters within range! (Use Z to cast anyway.)
Casting: Sandblast (safe; 1% risk of failure)
Confirm with . or Enter, or press ? or * to list all spells.
You can't see any susceptible monsters within range! (Use Z to cast anyway.)
Casting: Sandblast (safe; 1% risk of failure)
Confirm with . or Enter, or press ? or * to list all spells.
Aiming: Freezing Cloud (quite dangerous; 10% risk of failure)
Press: ? - help, Dir - move target You feel a surge of power!
You are engulfed in freezing vapours.
You hear a zap.
Something tries to affect you, but you resist.
You are engulfed in freezing vapours.
You closely miss something.
You are engulfed in freezing vapours.
* * * LOW HITPOINT WARNING * * *
Something hits you.
* * * LOW HITPOINT WARNING * * *
Something steals your ring of positive energy!
Something bites you but does no damage.
Okay, then.
You're standing in a cloud of freezing vapour!
Something hits you.
You die...

#.# ##§# §§# §§# #§#
######§#
#....§§###########
##
...####§...†......#
...
.......@.......##.#
##..
...####)######.##.##
... ...# #.##.<# .#
###.# #.##..# ###..
#.# #.##..# (....
#.# #.##..# #.#
#.##..# #.# #.##..#
#. #.#...#


There were no monsters in sight!

Vanquished Creatures
  A two-headed ogre (D:7)
  2 kobold demonologists (Bailey)
  A hornet (D:7)
  A steam dragon (D:7)
  2 ice beasts
  17 orc warriors
  A sky beast (D:8)
  An ogre (D:4)
  A centaur (D:6)
  2 phantoms
  Blork the orc (D:5)
  4 bullfrogs
  9 scorpions
  2 jellies (D:5)
  2 electric eels (Bailey)
  2 bombardier beetles
  A centaur zombie (Ossuary)
  2 human zombies (Ossuary)
  4 hounds
  2 orc priests
  A sleepcap (D:4)
  A gnoll bouda (D:8)
  2 iguanas
  A scorpion zombie (Ossuary)
  Natasha (thrice) (D:2)
  5 orc wizards
  3 mummies (Ossuary)
  Robin (D:2)
  5 gnolls
  A river rat (D:6)
  8 adders
  A shadow imp (D:7)
  2 white imps
  2 ufetubi (D:7)
  3 adder zombies (Ossuary)
  2 ribbon worms
  3 dart slugs
  18 orcs
  18 ball pythons
  9 endoplasms
  5 giant cockroaches
  3 gnoll zombies (Ossuary)
  21 goblins
  10 hobgoblins
  4 jackals (D:1)
  4 kobolds
  5 quokkas
  A ball python zombie (Ossuary)
  7 bats
  3 frilled lizards
  4 jackal zombies (Ossuary)
  4 orc zombies (Ossuary)
  33 rats
251 creatures vanquished.

Notes
Turn   | Place    | Note
-------+----------+-------------------------------------------
     0 | D:1      | CougarLife the Gargoyle Earth Elementalist began the quest
                  | for the Orb.
     0 | D:1      | Reached XP level 1. HP: 10/10 MP: 3/3
   106 | D:1      | Reached XP level 2. HP: 13/15 MP: 1/5
   728 | D:1      | Reached XP level 3. HP: 17/19 MP: 2/6
   810 | D:1      | Reached skill level 2 in Conjurations
  1025 | D:2      | Found a radiant altar of Vehumet.
  1039 | D:2      | Became a worshipper of Vehumet
  1373 | D:2      | Noticed Natasha
  1377 | D:2      | Killed Natasha
  1378 | D:2      | Reached XP level 4. HP: 24/24 MP: 4/8
  1382 | D:2      | Learned a level 3 spell: Stone Arrow
  1596 | D:2      | Noticed Robin
  1597 | D:2      | Noticed Natasha
  1600 | D:2      | Killed Robin
  1603 | D:2      | Killed Natasha
  1672 | D:2      | Found a runed translucent door.
  1678 | D:2      | Noticed Natasha
  1683 | D:2      | Killed Natasha
  1684 | D:2      | Reached skill level 3 in Conjurations
  1684 | D:2      | Reached XP level 5. HP: 24/28 MP: 4/9
  1965 | D:2      | Noticed Crazy Yiuf
  2108 | D:3      | Reached * piety under Vehumet
  2108 | D:3      | Offered knowledge of Foxfire by Vehumet.
  2109 | D:3      | Reached skill level 5 in Earth Magic
  2565 | D:3      | Found a runed translucent gate.
  2566 | D:3      | Found a runed translucent gate.
  2567 | D:3      | Noticed a kobold brigand
  2567 | D:3      | Found a runed translucent gate.
  2572 | D:3      | Noticed Fractals's ghost (amateur DsGl)
  2796 | D:3      | Found a faded altar of an unknown god.
  3191 | D:4      | Reached XP level 6. HP: 27/32 MP: 5/11
  3202 | D:4      | Found a sand-covered staircase.
  3207 | Ossuary  | Entered an ossuary
  3334 | Ossuary  | Reached ** piety under Vehumet
  3334 | Ossuary  | Offered knowledge of Momentum Strike by Vehumet.
  3335 | Ossuary  | Reached skill level 4 in Conjurations
  3404 | Ossuary  | Reached XP level 7. HP: 31/36 MP: 6/13
  3673 | Ossuary  | Reached skill level 5 in Conjurations
  3972 | D:4      | Offered knowledge of Dazzling Flash by Vehumet.
  3973 | D:4      | Reached skill level 5 in Spellcasting
  3973 | D:4      | Reached XP level 8. HP: 27/41 MP: 15/15
  4046 | D:4      | Got the Handbook of Tephra and Chilblains
  5100 | D:5      | Entered Level 5 of the Dungeon
  5104 | D:5      | Reached skill level 6 in Conjurations
  5259 | D:5      | Found Conizxei's Armour Shoppe.
  5356 | D:5      | Reached *** piety under Vehumet
  5429 | D:5      | Reached skill level 1 in Fighting
  5429 | D:5      | Reached skill level 1 in Air Magic
  5568 | D:5      | Noticed Blork the orc
  5572 | D:5      | Killed Blork the orc
  5958 | D:6      | Reached XP level 9. HP: 22/48 MP: 11/17
  5958 | D:6      | Offered knowledge of Flame Wave by Vehumet.
  6038 | D:6      | Found a glowing drain.
  6046 | Sewer    | Entered a sewer
  6067 | Sewer    | Reached skill level 7 in Conjurations
  6167 | Sewer    | Reached **** piety under Vehumet
  6230 | Sewer    | Offered knowledge of Yara's Violent Unravelling by Vehumet.
  6500 | D:6      | Found a white marble altar of Elyvilon.
  6855 | D:7      | Noticed a two-headed ogre
  6860 | D:7      | Killed a two-headed ogre
  6867 | D:7      | Learned a level 5 spell: Freezing Cloud
  6881 | D:7      | Noticed a +0 hand axe
  6882 | D:7      | Noticed a +0 hand axe
  6889 | D:7      | Found a hide-covered altar of Uskayaw.
  6941 | D:7      | Noticed a hornet
  6943 | D:7      | Reached skill level 8 in Conjurations
  6946 | D:7      | Killed a hornet
  7086 | D:7      | Found a staircase to the Ecumenical Temple.
  7128 | Temple   | Entered the Ecumenical Temple
  7171 | D:7      | Reached XP level 10. HP: 56/56 MP: 11/19
  7431 | D:8      | Found a flagged portal.
  7605 | Bailey   | Entered a bailey
  7655 | Bailey   | Reached ***** piety under Vehumet
  7657 | Bailey   | Reached skill level 9 in Conjurations
  7937 | Bailey   | Noticed a kobold demonologist
  7943 | Bailey   | Killed a kobold demonologist
  8018 | Bailey   | Offered knowledge of Arcjolt by Vehumet.
  8030 | Bailey   | Learned a level 5 spell: Arcjolt
  8038 | Bailey   | Reached skill level 5 in Fighting
  8258 | Bailey   | Found an iron altar of Okawaru.
  8258 | Bailey   | Noticed a kobold demonologist
  8262 | Bailey   | Killed a kobold demonologist
  8468 | Bailey   | Got the Parchment of the Six Portals
  8500 | Bailey   | Identified the +0 robe "Hoag" {Fly rPois Regen+ Int-2}
  8678 | D:8      | Reached skill level 10 in Conjurations
  8682 | D:8      | Noticed Maurice
  8688 | D:8      | HP: 3/60 [cloud of freezing vapour (19)]
  8688 | D:8      | Something stole a ring of positive energy
  8689 | D:8      | Slain by Maurice

Illustrated notes

Levels and vault maps discovered:
D:1:      minmay_arrival_stair_chambers, layout_loops_cross
D:2:      layout_basic, basic_altar, chequers_serial_rivers_marsh, uniq_robin,
          uniq_natasha, uniq_crazy_yiuf_cottage
D:3:      layout_basic, gammafunk_ghost_nasty_kobolds,
          ebering_ecumenical_altar_webs, nrook_mini_vaults, minmay_fountain_box,
          minmay_cupped
D:4:      layout_layer_cave, enter_ossuary_5
D:5:      layout_gridville, serial_shops, shop, uniq_blork_the_orc
D:6:      layout_loops_ring, elyvilon_altar_3, gup_sewer_entry_bubbles
D:7:      layout_cave_pools, dancing_weapons_uskayaw, temple_fountains
D:8:      layout_basic, minmay_overflow_temple_star_quad, enter_bailey_7,
          nicolae_grassy_gnolls, uniq_maurice
Temple:   compressed_dpeg_triangle_lava_temple

Skill      XL: |  1  2  3  4  5  6  7  8  9 10 |
---------------+-------------------------------+-----
Earth Magic    | 4 5 6 7 8 9 |  9.7
Conjurations   | 2 3 4 5 6 8 10 | 10.0
Spellcasting   | 3 4 5 6 7 |  7.2
Fighting       | 2 4 5 |  5.6
Air Magic      | 2 4 |  4.0
Dodging        | |  1.5
Stealth        | |  2.1

Action                     |  1- 3 |  4- 6 |  7- 9 | 10-12 || total
---------------------------+-------+-------+-------+-------++-------
  Melee: Mace              |    15 |     9 |    15 |       ||    39
         Staff             |       |       |     8 |     1 ||     9
   Cast: Sandblast         |    52 |    81 |   169 |    53 ||   355
         Stone Arrow       |       |     1 |    16 |     7 ||    24
         Freezing Cloud    |       |       |     3 |    17 ||    20
         Arcjolt           |       |       |       |     2 ||     2
 Armour: Robe              |    17 |    31 |    82 |    24 ||   154
  Dodge: Dodged            |    18 |    33 |    65 |    15 ||   131

Table legend: (Time is in decaauts)
 A = Elapsed time spent in this place.
 B = Non-inter-level travel time spent in this place.
 C = Inter-level travel time spent in this place.
 D = Time resting spent in this place.
 E = Time spent auto-exploring this place.
 F = Levels seen in this place.
 G = Mean time per level.
                   A        B        C        D        E       F      G
               +--------+--------+--------+--------+--------+-----+--------+
         Total |   8949 |   8589 |    360 |   1102 |   5653 |  12 |  745.8 |
       Dungeon |   6876 |   6516 |    360 |    268 |   5159 |   8 |  859.5 |
        Temple |      1 |      1 |      0 |      0 |      0 |   1 |    1.0 |
         Sewer |    311 |    311 |      0 |      0 |    226 |   1 |  311.0 |
       Ossuary |    777 |    777 |      0 |    241 |    176 |   1 |  777.0 |
        Bailey |    982 |    982 |      0 |    593 |     91 |   1 |  982.0 |
               +--------+--------+--------+--------+--------+-----+--------+

Top non-repeatable levels by time:
     D:4: 1195 daAuts
     D:2: 1154 daAuts
     D:3: 1090 daAuts
     D:1: 992 daAuts
  Bailey: 982 daAuts
     D:5: 822 daAuts
 Ossuary: 777 daAuts
     D:6: 716 daAuts
     D:7: 557 daAuts
     D:8: 348 daAuts
   Sewer: 311 daAuts
  Temple: 1 daAuts
